AoeStats
← Richmondo

Four Lakes

509171209Analyzed
1v1 RM · 7d ago on Sep 25, 2026· 35m 4s· 2 players
Game mode
Random Map
Map size
Tiny (2 player)
Population
200
Speed
Normal
Resources
Standard
Victory
Conquest
Starting age
Dark Age
Ending age
Imperial Age
RankedLock teamsTeams togetherTeam positionsShared explorationLock speedFull tech treeHidden civsTurbo modeCheats
Victory
Defeat
🇨🇳 Celts · China
1156
+16
🇬🇧 Persians · United Kingdom
1164
-16
843041757
11:55 Feudal Age
11:23 Loom
13:13 Double-Bit Axe
13:43 Fishing Lines
17:07 Castle Age
15:02 Gold Mining
16:59 Wheelbarrow
17:30 Forging
17:21 Scale Mail Armor
19:17 Horse Collar
20:49 Pikeman
21:59 Medium Warships
23:03 Gillnets
26:08 Bow Saw
26:29 Hand Cart
28:07 Iron Casting
28:04 Fletching
32:14 Ballistics
31:50 Murder Holes
32:06 Masonry
32:43 Sanctity
33:07 Gold Shaft Mining
32:23 Stone Mining
33:18 Chain Mail Armor
35:42 Imperial Age
32:59 Town Watch
34:50 Bodkin Arrow
Richmondo
6:21 Loom
9:59 Feudal Age
20:15 Castle Age
20:38 Double-Bit Axe
20:37 Horse Collar
26:23 Wheelbarrow
25:34 Town Watch
27:11 Bloodlines
27:02 Husbandry
27:09 Scale Barding Armor
29:43 Chain Barding Armor
29:34 Forging
32:21 Iron Casting
32:54 Fletching
33:50 Town Patrol
Connection lost

Rejoining the realm…

Still unreachable

The connection could not be restored.

Session expired

The server has moved on; the page needs a fresh start.